 Dungeon Crawl Stone Soup version 0.22-b1-21-g5cfc168 (webtiles) character file.

87213 wojtek the Severer (level 15, -3/134 HPs)
             Began as a Minotaur Fighter on Aug 4, 2018.
             Was the Champion of Makhleb.
             Slain by a merfolk
             ... wielding a +0 trident
              (11 damage)
             ... on level 2 of the Shoals.
             The game lasted 00:41:26 (24895 turns).

wojtek the Severer (Minotaur Fighter)              Turns: 24895, Time: 00:41:27

Health: -3/134     AC: 23    Str: 28    XL:     15   Next: 43%
Magic:  21/21      EV: 12    Int: 10    God:    Makhleb [******]
Gold:   329        SH: 17    Dex:  9    Spells: 14/14 levels left

rFire    + + +     SeeInvis .   a - +10 flail of Udgh {drain, rF+ Int+5}
rCold    . . .     Gourm    .   c - +0 shield
rNeg     . . .     Faith    .   V - +1 plate armour {rF+}
rPois    .         Spirit   .   l - +1 hat
rElec    .         Reflect  +   g - +0 cloak
rCorr    .         Harm     .   B - +1 pair of gloves
MR       +....                  k - +0 pair of boots
Stlth    ..........             P - +4 amulet of reflection
HPRegen  0.32/turn              y - ring of protection from fire
MPRegen  0.17/turn              w - +5 ring of slaying

@: engulfed (cannot breathe)
A: retaliatory headbutt, horns 2
a: Minor Destruction, Lesser Servant of Makhleb, Major Destruction, Greater
Servant of Makhleb, Renounce Religion


You were on level 2 of the Shoals.
You worshipped Makhleb.
Makhleb was exalted by your worship.
You were not hungry.

You visited 5 branches of the dungeon, and saw 26 of its levels.

You collected 2293 gold pieces.
You spent 1964 gold pieces at shops.

Inventory:

Hand Weapons
 a - the +10 flail of Udgh (weapon) {drain, rF+ Int+5}
   (You found it on level 6 of the Dungeon)

   A truly terrible weapon, it drains the life of those it strikes.
   It affects your intelligence (+5).
   It protects you from fire.
 b - a +1 war axe of flaming
 G - the +10 hunting sling "Vaecas" {flame, +Blink rPois rC++, unknown}
   (You found it on level 8 of the Dungeon)

   It causes projectiles fired from it to burn those they strike, causing extra
   injury to most foes and up to half again as much damage against particularly
   susceptible opponents.
   It greatly protects you from cold.
   It protects you from poison.
   It lets you blink.
Armour
 c - a +0 shield (worn)
 g - a +0 cloak (worn)
 k - a +0 pair of boots (worn)
 l - a +1 hat (worn)
 B - a +1 pair of gloves (worn)
 V - a +1 plate armour of fire resistance (worn)
Jewellery
 w - a +5 ring of slaying (right hand)
 y - a ring of protection from fire (left hand)
 P - a +4 amulet of reflection (around neck)
 S - an uncursed ring of resist corrosion
 W - an uncursed ring of poison resistance
Wands
 e - a wand of disintegration (9)
 s - a wand of flame (72)
 A - a wand of iceblast (35)
 D - a wand of enslavement (25)
 I - a wand of paralysis (16)
 N - a wand of acid (21)
 Q - a wand of random effects (30)
Scrolls
 h - a scroll of magic mapping {unknown}
 i - 6 scrolls of identify
 j - a scroll of enchant weapon {unknown}
 m - 13 scrolls of remove curse
 n - 3 scrolls of immolation
 p - 13 scrolls of teleportation
 C - a scroll of blinking {unknown}
 E - a scroll of vulnerability {unknown}
 F - 3 scrolls of silence
 H - a scroll of acquirement {unknown}
 J - 2 scrolls of fog
 L - a scroll of brand weapon {unknown}
 U - a scroll of enchant armour
Potions
 d - 3 potions of might
 o - 3 potions of lignification
 q - 4 potions of curing
 r - a potion of magic {unknown}
 t - 3 potions of heal wounds
 u - 4 potions of ambrosia
 v - 4 potions of berserk rage
 x - 4 potions of flight
 z - a potion of agility {unknown}
 M - a potion of haste {unknown}
 O - a potion of brilliance {unknown}
 R - 2 potions of cancellation
 Y - a potion of mutation {unknown}
Miscellaneous
 K - a box of beasts
 T - a phial of floods
Comestibles
 f - 44 rations
 X - 21 chunks of flesh


   Skills:
 + Level 12.7 Fighting
 + Level 15.2 Axes
 + Level 12.6 Armour
 + Level 11.4 Dodging
 + Level 12.7 Shields
 - Level 10.0 Invocations
 + Level 9.0 Evocations


You had 14 spell levels left.
You didn't know any spells.
Your spell library contained the following spells:

 Spells                   Type           Power        Failure   Level  Hunger
 Magic Dart               Conj           #...         98%         1    ##.....
 Conjure Flame            Conj/Fire      #.......     100%        3    ####...
 Bolt of Magma            Conj/Fire/Erth #.........   100%        5    ######.
 Slow                     Hex            #.......     99%         2    ###....
 Confuse                  Hex            #.......     100%        3    ####...
 Mephitic Cloud           Conj/Pois/Air  #.......     100%        3    ####...
 Venom Bolt               Conj/Pois      #.........   100%        5    ######.
 Summon Small Mammal      Summ           #...         98%         1    ##.....
 Blink                    Tloc           N/A          99%         2    ###....
 Animate Dead             Necr           N/A          100%        4    #####..
 Summon Ice Beast         Ice/Summ       #.......     100%        4    #####..
 Call Imp                 Summ           #.......     99%         2    ###....
 Regeneration             Chrm/Necr      #.........   100%        3    ####...
 Iron Shot                Conj/Erth      #.........   100%        6    #######
 Recall                   Summ/Tloc      N/A          100%        3    ####...
 Death Channel            Necr           #.........   100%        6    #######
 Confusing Touch          Hex            #.....       98%         1    ##.....
 Call Canine Familiar     Summ           #.......     100%        3    ####...
 Metabolic Englaciation   Hex/Ice        #.........   100%        5    ######.
 Simulacrum               Ice/Necr       #.........   100%        6    #######
 Petrify                  Tmut/Erth      #.......     100%        4    #####..
 Orb of Destruction       Conj           #.........   100%        7    #######
 Shroud of Golubria       Chrm/Tloc      #.........   99%         2    ###....
 Iskenderun's Battlesphe  Conj/Chrm      #.......     100%        5    ######.
 Infusion                 Chrm           #...         98%         1    ##.....
 Song of Slaying          Chrm           #.......     99%         2    ###....
 Spectral Weapon          Hex/Chrm       #.......     100%        3    ####...
 Summon Lightning Spire   Summ/Air       #.......     100%        4    #####..
 Summon Guardian Golem    Hex/Summ       #.......     100%        3    ####...
 Spellforged Servitor     Conj/Summ      #.........   100%        7    #######
 Gell's Gravitas          Tloc           #.........   100%        3    ####...
 Yara's Violent Unravell  Hex/Tmut       #.........   100%        5    ######.
 Borgnjor's Vile Clutch   Necr/Erth      #.........   100%        5    ######.


Dungeon Overview and Level Annotations

Branches:
Dungeon (15/15)            Temple (1/1) D:5            Lair (6/6) D:11
 Shoals (2/4) Lair:4        Snake (0/4) Lair:3        Slime (0/5) Lair:6
    Orc (2/2) D:9             Elf (0/3) Orc:2        Vaults (0/5) D:14
 Depths (0/5) D:15

Altars:
Ashenzari
Cheibriados
Dithmenos
Elyvilon
Fedhas
Gozag
Hepliaklqana
Kikubaaqudgha
Makhleb
Nemelex Xobeh
Okawaru
Qazlal
Ru
Sif Muna
Trog
Uskayaw
Vehumet
Wu Jian
Xom
Yredelemnul
Zin
The Shining One
Beogh
Jiyva

Shops:
Orc:2 :=**   Shoals:1 =

Annotations:
Lair:1 3 runed doors, Mawn's ghost, journeyman MiFi
Lair:5 3 runed doors, Zygeom's ghost, journeyman MiFi
Lair:6 1 runed door


Innate Abilities, Weirdness & Mutations

You reflexively headbutt those who attack you in melee.
You have a pair of horns on your head.


Message History

Your lungs strain for air!
The merfolk shouts!
The water elemental hits you.
The merfolk hits you from afar with a trident!
* * * LOW HITPOINT WARNING * * *
The sea snake bites you but does no damage.
The merfolk aquamancer casts a spell.
The merfolk aquamancer blinks!
Unknown command.
Unknown command.
Unknown command.
You thump the water elemental!
The water elemental is severely damaged.
* * * LOW HITPOINT WARNING * * *
Your lungs strain for air!
The sea snake bites you.
* * * LOW HITPOINT WARNING * * *
The water elemental hits you.
The merfolk hits you from afar with a trident!
You die...

≈≈≈≈ .≈≈≈≈≈ #.≈≈≈≈≈
..≈≈≈≈≈ .# ...≈≈≈≈ .$###
###m.≈≈≈≈≈
≈....##@E...≈≈≈≈
≈≈≈≈≈.S§(....≈≈≈
..≈≈≈≈..≈≈.##..≈
##.≈m≈≈≈≈≈≈≈.#..≈
...≈≈≈≈..≈≈≈≈≈≈≈
....≈...≈≈≈.≈≈≈. ≈≈≈..#
###......≈≈≈..≈≈.
≈≈≈≈.####.##..#..m≈≈≈..≈≈
≈≈≈≈≈≈......≈.#....≈≈..≈≈


You could see a sea snake, a merfolk aquamancer, 2 merfolk and a water
elemental.

Vanquished Creatures
  A fire giant (D:15)
  2 merfolk impalers
  A fire dragon (Lair:6)
  An ogre mage (D:14)
  8 hydras
  10 two-headed ogres
  4 centaur warriors
  2 merfolk aquamancers
  4 orc high priests (Orc:2)
  3 tengu warriors
  Nergalle (Lair:3)
  6 sea snakes
  4 unseen horrors
  A wizard (D:15)
  4 orc knights
  A lindwurm (Lair:6)
  3 deep elf magi
  4 orc sorcerers (Orc:2)
  2 fauns (Shoals:1)
  6 cyclopes
  3 manticores
  A merfolk siren (Shoals:1)
  5 elephants (Lair:6)
  4 torpor snails (Lair:6)
  2 black mambas (Lair:6)
  3 gargoyles
  A centaur skeleton (D:9)
  7 spiny frogs
  3 rime drakes
  3 komodo dragons
  A redback zombie (D:14)
  4 trolls
  7 merfolk
  A wind drake (Shoals:2)
  3 tyrant leeches (Lair:6)
  A polar bear (Lair:4)
  3 meliai (D:13)
  10 hornets
  13 hippogriffs
  16 dream sheep
  10 blink frogs
  A dream sheep (shapeshifter) (D:15)
  A snapping turtle (Shoals:1)
  8 water elementals
  5 wyverns
  26 yaks
  4 hogs (D:7)
  2 wraiths
  A human (D:7)
  5 basilisks
  2 hungry ghosts
  2 vampire mosquitoes (D:13)
  2 chaos spawn (D:13)
  A warg (Orc:2)
  2 nagas (Lair:3)
  2 soldier ants
  17 water moccasins
  7 porcupines
  5 black bears
  20 orc warriors
  3 sky beasts
  A necrophage (D:5)
  3 phantoms
  2 ice beasts
  11 ogres
  5 boggarts (D:15)
  3 wolves (Lair:5)
  12 centaurs
  14 crocodiles
  2 big kobolds
  11 bullfrogs
  A scorpion (D:9)
  2 water moccasin skeletons
  4 killer bees (D:13)
  12 wights
  2 howler monkeys
  4 electric eels
  7 crimson imps
  6 centaur zombies
  2 bullfrog zombies
  A quasit (D:9)
  4 hounds
  A jelly (D:6)
  16 orc wizards
  2 bullfrog skeletons
  8 orc priests
  A gnoll shaman (D:9)
  Ijyb (D:4)
  4 iguanas
  13 hell rats
  10 worker ants
  2 human simulacra (D:9)
  3 hound skeletons
  A worker ant zombie (D:8)
  8 adders
  8 gnolls
  14 river rats (Lair:2)
  A shadow imp (D:8)
  An ooze (D:4)
  3 adder skeletons
  8 worms
  8 dart slugs
  7 leopard geckos
  59 orcs
  12 bats
  4 giant cockroaches
  12 goblins
  9 hobgoblins
  14 jackals
  12 quokkas
  3 ball pythons
  4 frilled lizards
  A giant cockroach zombie (D:5)
  12 kobolds
  19 rats
  A fungus (Lair:6)
  A plant (Lair:6)
677 creatures vanquished.

Vanquished Creatures (collateral kills)
  A hydra (Lair:6)
  A lindwurm (Lair:6)
  A torpor snail (Lair:6)
  A spiny frog (Lair:6)
  4 yaks (Lair:6)
  2 orc warriors (Orc:2)
  A bullfrog (Lair:1)
  2 orc priests (Orc:2)
  A plant (Lair:6)
14 creatures vanquished.

Vanquished Creatures (others)
  2 orc knights (Orc:2)
  A cyclops (Shoals:2)
  An orc (D:9)
  A bush (Lair:6)
  24 fungi
  25 plants
54 creatures vanquished.

Grand Total: 745 creatures vanquished

Notes
Turn   | Place    | Note
-------+----------+-------------------------------------------
     0 | D:1      | wojtek the Minotaur Fighter began the quest for the Orb.
     0 | D:1      | Reached XP level 1. HP: 19/19 MP: 0/0
    99 | D:1      | Reached skill level 3 in Axes
   152 | D:1      | Reached XP level 2. HP: 26/26 MP: 1/1
   208 | D:1      | Reached skill level 4 in Axes
   258 | D:1      | Reached XP level 3. HP: 29/31 MP: 2/2
   924 | D:2      | Found a sparkling altar of Nemelex Xobeh.
   930 | D:2      | Reached skill level 5 in Axes
   995 | D:2      | Reached XP level 4. HP: 27/39 MP: 3/3
  1532 | D:2      | Found a sacrificial altar of Ru.
  1614 | D:2      | Found a blossoming altar of Fedhas.
  1903 | D:3      | Noticed an ogre
  1919 | D:3      | Killed an ogre
  1919 | D:3      | Reached skill level 6 in Axes
  1919 | D:3      | Reached XP level 5. HP: 46/46 MP: 4/4
  2025 | D:3      | Reached skill level 1 in Dodging
  2770 | D:4      | Reached XP level 6. HP: 52/52 MP: 5/5
  3028 | D:4      | Noticed Ijyb
  3047 | D:4      | Killed Ijyb
  3364 | D:4      | Reached skill level 7 in Axes
  3461 | D:4      | Found an ancient bone altar of Kikubaaqudgha.
  3546 | D:5      | Entered Level 5 of the Dungeon
  3561 | D:5      | Found a glowing golden altar of the Shining One.
  3629 | D:5      | Reached XP level 7. HP: 60/60 MP: 6/6
  3730 | D:5      | Reached skill level 5 in Fighting
  3739 | D:5      | Reached skill level 5 in Armour
  3909 | D:5      | Reached skill level 5 in Shields
  3981 | D:5      | Reached skill level 8 in Axes
  4021 | D:5      | Found a staircase to the Ecumenical Temple.
  4080 | D:5      | Reached XP level 8. HP: 60/67 MP: 7/7
  4137 | D:5      | Found a bloodstained altar of Trog.
  4581 | D:6      | Got a twisted flail
  4582 | D:6      | Identified the +10 flail of Udgh {drain, rF+ Int+5} (You found it on level 6 of the Dungeon)
  5362 | Temple   | Entered the Ecumenical Temple
  5577 | Temple   | Became a worshipper of Makhleb the Destroyer
  5980 | D:7      | Found a snail-covered altar of Cheibriados.
  6143 | D:7      | Reached skill level 1 in Evocations
  6335 | D:7      | Reached skill level 1 in Invocations
  6356 | D:7      | Reached skill level 9 in Axes
  6363 | D:7      | Reached XP level 9. HP: 73/74 MP: 7/9
  6466 | D:7      | Found a hide-covered altar of Uskayaw.
  6617 | D:7      | Found an iron altar of Okawaru.
  6863 | D:8      | Reached * piety under Makhleb
  7014 | D:8      | Reached skill level 5 in Dodging
  7351 | D:8      | Got a bloodstained hunting sling
  7574 | D:9      | Reached skill level 10 in Axes
  7627 | D:9      | Found a staircase to the Orcish Mines.
  7727 | D:9      | Reached XP level 10. HP: 77/85 MP: 12/12
  7767 | D:9      | Reached ** piety under Makhleb
  7936 | D:9      | Found a shadowy altar of Dithmenos.
  7997 | D:9      | Noticed a two-headed ogre
  8008 | D:9      | Killed a two-headed ogre
  8008 | D:9      | Reached skill level 5 in Invocations
  8659 | D:10     | Entered Level 10 of the Dungeon
  8722 | D:10     | Noticed a two-headed ogre
  8729 | D:10     | Killed a two-headed ogre
  8729 | D:10     | Reached skill level 11 in Axes
  9303 | D:10     | Noticed a cyclops
  9306 | D:10     | Killed a cyclops
  9662 | D:11     | Noticed a two-headed ogre
  9665 | D:11     | Noticed a seven-headed hydra
  9677 | D:10     | Killed a two-headed ogre
  9677 | D:10     | Reached XP level 11. HP: 93/93 MP: 14/14
  9741 | D:11     | Found a staircase to the Lair.
  9805 | D:11     | Noticed a two-headed ogre
  9814 | D:11     | Killed a two-headed ogre
  9825 | D:11     | Killed an unseen horror
  9825 | D:11     | Reached *** piety under Makhleb
  9858 | D:11     | Killed a seven-headed hydra
 10004 | D:11     | Killed an unseen horror
 10191 | D:11     | Paralysed by a hornet for 2 turns
 10198 | D:11     | Reached skill level 12 in Axes
 10267 | D:11     | Noticed a two-headed ogre
 10282 | D:11     | Killed a two-headed ogre
 10876 | Lair:1   | Entered Level 1 of the Lair of Beasts
 11432 | Lair:1   | Reached skill level 5 in Evocations
 11484 | Lair:1   | Found a runed gate.
 11484 | Lair:1   | Found a runed gate.
 11486 | Lair:1   | Found a runed gate.
 11486 | Lair:1   | Noticed a seven-headed hydra
 11486 | Lair:1   | Noticed Mawn's ghost (journeyman MiFi)
 11518 | Lair:1   | Noticed a seven-headed hydra
 11531 | Lair:1   | Killed a seven-headed hydra
 11531 | Lair:1   | Reached XP level 12. HP: 62/103 MP: 7/16
 12354 | Lair:2   | Reached **** piety under Makhleb
 13153 | Lair:3   | Found a staircase to the Snake Pit.
 13336 | Lair:3   | Noticed Nergalle
 13343 | Lair:3   | Killed Nergalle
 13401 | Lair:3   | Reached skill level 13 in Axes
 14007 | Lair:4   | Reached ***** piety under Makhleb
 14198 | Lair:4   | Found a staircase to the Shoals.
 14760 | Lair:5   | Found a runed gate.
 14760 | Lair:5   | Found a runed gate.
 14760 | Lair:5   | Found a runed gate.
 14766 | Lair:5   | Noticed a minotaur
 14766 | Lair:5   | Noticed Zygeom's ghost (journeyman MiFi)
 14983 | Lair:5   | Noticed an eight-headed hydra
 14997 | Lair:5   | Killed an eight-headed hydra
 14997 | Lair:5   | Reached XP level 13. HP: 78/112 MP: 9/19
 15355 | Lair:6   | Entered Level 6 of the Lair of Beasts
 15372 | Lair:6   | Reached skill level 10 in Fighting
 15380 | Lair:6   | Reached skill level 10 in Armour
 15418 | Lair:6   | Reached skill level 10 in Shields
 15532 | Lair:6   | Found a runed door.
 15565 | Lair:6   | Paralysed by a hornet for 1 turns
 15566 | Lair:6   | Reached skill level 10 in Invocations
 15585 | Lair:6   | Paralysed by a hornet for 1 turns
 16891 | Lair:6   | Found a runed door.
 16891 | Lair:6   | Found a viscous altar of Jiyva.
 16892 | Lair:6   | Found a staircase to the Slime Pits.
 17082 | Lair:6   | Noticed a fire dragon
 17090 | Lair:6   | Killed a fire dragon
 17565 | D:12     | Reached skill level 14 in Axes
 18112 | D:13     | Reached XP level 14. HP: 123/123 MP: 20/20
 18258 | D:13     | Found a shimmering altar of Xom.
 18264 | D:13     | Found the +7 mace of Variability {chain chaos}
 18400 | D:13     | Reached ****** piety under Makhleb
 18518 | D:13     | Reached skill level 10 in Dodging
 19131 | D:14     | Paralysed by a hornet for 1 turns
 19241 | D:14     | Found a gate to the Vaults.
 19245 | D:14     | Paralysed by an ogre mage for 3 turns
 19484 | D:15     | Entered Level 15 of the Dungeon
 20086 | D:15     | Noticed a fire giant
 20098 | D:15     | Killed a fire giant
 20104 | D:15     | Found a staircase to the Depths.
 21416 | Orc:1    | Entered Level 1 of the Orcish Mines
 21416 | Orc:1    | Found a roughly hewn altar of Beogh.
 21820 | Orc:2    | Entered Level 2 of the Orcish Mines
 22272 | Orc:2    | Found a staircase to the Elven Halls.
 22295 | Orc:2    | Found Ceowimas's Assorted Antiques.
 22302 | Orc:2    | Paralysed by an orc sorcerer for 5 turns
 22341 | Orc:2    | Paralysed by an orc sorcerer for 7 turns
 23206 | Orc:2    | Reached XP level 15. HP: 132/132 MP: 21/21
 23215 | Orc:2    | Found Riluseh's Jewellery Shop.
 23220 | Orc:2    | Found Oqyr's Book Shop.
 23222 | Orc:2    | Found Foiniunt's General Store.
 23258 | Orc:2    | Bought an embroidered hat for 224 gold pieces
 23258 | Orc:2    | Bought a scroll of teleportation for 96 gold pieces
 23272 | Orc:2    | Bought a +5 ring of slaying for 1364 gold pieces
 23548 | Shoals:1 | Entered Level 1 of the Shoals
 23608 | Shoals:1 | Found Xelomowuir's Jewellery Shop.
 23618 | Shoals:1 | Reached skill level 15 in Axes
 23637 | Shoals:1 | Bought an uncursed ring of poison resistance for 280 gold pieces
 24892 | Shoals:2 | HP: 4/133 [sea snake (12)]
 24895 | Shoals:2 | Slain by a merfolk

Skill      XL: |  1  2  3  4  5  6  7  8  9 10 11 12 13 14 15 |
---------------+----------------------------------------------+-----
Axes           | 3 4 5 6 7 8 9 10 11 12 13 14 15 | 15.2
Dodging        | 1 2 3 4 5 6 7 8 9 10 11 | 11.4
Fighting       | 4 5 6 7 8 9 11 12 | 12.7
Armour         | 4 5 6 7 8 9 11 12 | 12.6
Shields        | 4 5 6 7 8 9 11 12 | 12.7
Evocations     | 1 2 4 5 6 7 8 9 |  9.0
Invocations    | 2 4 6 7 9 10 | 10.0

Action                   |  1- 3 |  4- 6 |  7- 9 | 10-12 | 13-15 || total
-------------------------+-------+-------+-------+-------+-------++-------
Melee: War axe           |    92 |   191 |   108 |       |       ||   391
       Headbutt          |    10 |    37 |    46 |   139 |   219 ||   451
       Flail             |       |       |   160 |   641 |  1052 ||  1853
Invok: Lesser Servant of |       |       |       |     3 |    11 ||    14
       Minor Destruction |       |       |       |     6 |     9 ||    15
Evoke: Wand              |       |       |       |    12 |    21 ||    33
       Phial of floods   |       |       |       |       |     1 ||     1
  Use: Scroll            |       |     1 |     1 |    10 |     6 ||    18
       Potion            |       |       |       |       |     2 ||     2
 Stab: Distracted        |       |       |       |       |     1 ||     1
  Eat: Chunk             |       |     8 |    14 |    21 |    31 ||    74
       Ration            |       |       |       |     1 |     1 ||     2
Armor: Scale mail        |    45 |       |       |       |       ||    45
       Chain mail        |       |   100 |   111 |    23 |       ||   234
       Plate armour      |       |       |       |   345 |   572 ||   917
Dodge: Dodged            |    37 |    36 |    76 |   203 |   382 ||   734
Block: Shield            |    44 |    92 |   138 |   344 |   868 ||  1486
       Reflection        |       |       |       |       |    27 ||    27
